 Dungeon Crawl Stone Soup version 0.27-a0-972-gd1521fd518 (webtiles) character file.

Game seed: 2650567717338506251

41 robertstho the Skirmisher (level 3, -2/40 HPs)
             Began as an Octopode Berserker on Apr 13, 2021.
             Was a Believer of Trog.
             Slain by a phantom (9 damage)
             ... on level 4 of the Dungeon.
             The game lasted 00:01:11 (1239 turns).

robertstho the Skirmisher (Octopode Berserker)      Turns: 1239, Time: 00:01:11

Health: -2/40      AC:  1    Str: 16    XL:     3   Next: 52%
Magic:  3/3        EV: 14    Int:  9    God:    Trog [**....]
Gold:   36         SH:  0    Dex: 12    Spells: 2/2 levels left

rFire    . . .     SeeInvis .   a - +0 falchion
rCold    . . .     Faith    .   (no shield)
rNeg     . . .     Spirit   .   (helmet restricted)
rPois    .         Reflect  .   (no amulet)
rElec    .         Harm     .   (no ring)
rCorr    .         Rampage  .   (no ring)
Will     .....                  (no ring)
Stlth    ..........             (no ring)
HPRegen  0.13/turn              (no ring)
MPRegen  0.08/turn              (no ring)
                                (no ring)
                                (no ring)

@: berserking, very quick
A: almost no armour, amphibious, 8 rings, camouflage 1, gelatinous body 1,
(nimble swimmer 1), tentacles
a: Renounce Religion, Berserk, Trog's Hand


You were on level 4 of the Dungeon.
You worshipped Trog.
Trog was pleased with you.
You visited 1 branch of the dungeon, and saw 3 of its levels.

You collected 36 gold pieces.

Inventory:

Hand Weapons
 a - a +0 falchion (weapon)
Scrolls
 b - 3 scrolls of identify {unknown}
 c - a scroll of vulnerability {unknown}
 e - a scroll of teleportation {unknown}
 f - a scroll of immolation {unknown}
 h - 2 scrolls of enchant weapon {unknown}
 i - a scroll of fear {unknown}
Potions
 d - 3 potions of heal wounds {unknown}
 g - a potion of cancellation {unknown}


   Skills:
 * Level 3.8 Fighting
 + Level 3.2 Long Blades
 * Level 3.4 Dodging
 * Level 0.4 Stealth


You had 2 spell levels left.
You didn't know any spells.
Your spell library was empty.

Dungeon Overview and Level Annotations

Branches:
Dungeon (2/15)

Altars:


Innate Abilities, Weirdness & Mutations

You cannot wear most types of armour.
You are amphibious.
You can wear up to eight rings at the same time.
Your skin changes colour to match your surroundings (Stealth+).
Your rubbery body absorbs attacks. (AC +1, EV +1)
((You are camouflaged near water. (Stealth+)))
You have tentacles for arms and can constrict up to eight enemies at once.


Message History

A phantom is nearby!
A phantom is nearby!
A phantom is nearby!
A quokka comes into view.
Found a stone staircase leading up.
The phantom hits you.
You closely miss the phantom.
You squeeze the phantom, but do no damage.
The phantom hits you!
You hit the phantom.
The phantom is lightly damaged.
The phantom closely misses you.
You riposte.
You miss the phantom. Your squeeze misses the phantom.
The phantom is lightly damaged.
The phantom closely misses you.
You completely miss the phantom.
The phantom is lightly damaged.
The phantom misses you.
You closely miss the phantom. You squeeze the phantom.
The phantom is moderately damaged.
The quokka bites you. The phantom misses you.
Unknown command.
A red film seems to cover your vision as you go berserk!
You feel yourself moving faster!
You feel mighty! The quokka barely misses you. The phantom closely misses you.
You hit the phantom.
The phantom is moderately damaged.
The quokka bites you. The phantom closely misses you.
You completely miss the phantom.
The phantom is moderately damaged.
The quokka bites you.
* * * LOW HITPOINT WARNING * * *
You hit the phantom. Your squeeze misses the phantom.
The phantom is heavily damaged.
The phantom closely misses you. The quokka bites you.
* * * LOW HITPOINT WARNING * * *
You hit the phantom.
The phantom is heavily damaged.
The phantom hits you!
You die...

##...... ........ ..
##......# ###< #
##......# .... .###
...##+#.# ...##)..
#.....#.# #.....##.
...####.# #........
........# #rW...#.
.######.########@#.....
.><.....................
..#.####..[..###.###.###
....# #..)..# #.# ..#.#
#.....# #.#
.(#.####.....# #.#
.......+.....+ ...
.#######.....# #.. .#
#.....# ##


You could see a phantom and a quokka.

Vanquished Creatures
  5 endoplasms
  3 giant cockroaches
  5 goblins
  2 hobgoblins
  7 jackals (D:2)
  2 quokkas (D:1)
  4 ball pythons
  A bat (D:1)
  2 frilled lizards (D:1)
  A kobold (D:2)
  2 rats (D:1)
34 creatures vanquished.

Notes
Turn   | Place    | Note
-------+----------+-------------------------------------------
     0 | D:1      | robertstho the Octopode Berserker began the quest for the
                  | Orb.
     0 | D:1      | Reached XP level 1. HP: 16/16 MP: 1/1
   194 | D:1      | Reached XP level 2. HP: 18/21 MP: 2/2
   803 | D:2      | Reached XP level 3. HP: 26/27 MP: 3/3
   892 | D:2      | Reached ** piety under Trog
  1103 | D:2      | You fall into a shaft and drop 2 floors!
  1228 | D:4      | Noticed a phantom
  1239 | D:4      | Slain by a phantom

Illustrated notes

Levels and vault maps discovered:
D:1:      lightli_arrival_farm, layout_rooms
D:2:      layout_rooms
D:4:      layout_basic

Action                   || total
-------------------------++-------
Melee: Falchion          ||    63
       Constrict         ||    16
       Tentacles         ||    12
Invok: Berserk           ||     1
 Stab: Sleeping          ||     3
Armor: Skin              ||     2
Dodge: Dodged            ||    50
       Rpst.: Falchion   ||    14

Table legend: (Time is in decaauts)
 A = Elapsed time spent in this place.
 B = Non-inter-level travel time spent in this place.
 C = Inter-level travel time spent in this place.
 D = Time resting spent in this place.
 E = Time spent auto-exploring this place.
 F = Levels seen in this place.
 G = Mean time per level.
                   A        B        C        D        E       F      G
               +--------+--------+--------+--------+--------+-----+--------+
         Total |   1246 |   1194 |     52 |      0 |   1031 |   3 |  415.3 |
       Dungeon |   1246 |   1194 |     52 |      0 |   1031 |   3 |  415.3 |
               +--------+--------+--------+--------+--------+-----+--------+

Top non-repeatable levels by time:
     D:1: 789 daAuts
     D:2: 320 daAuts
     D:4: 136 daAuts
